AoeStats
← WardedWorm3

Arabian Desert

510628370Analyzed
1v1 RM · 1d ago on Oct 1, 2026· 52m 7s· 2 players
Game mode
Random Map
Map size
Tiny (2 player)
Population
200
Speed
Normal
Resources
Standard
Victory
Conquest
Starting age
Dark Age
Ending age
Imperial Age
RankedLock teamsTeams togetherTeam positionsShared explorationLock speedFull tech treeHidden civsTurbo modeCheats
Victory
Defeat
🇨🇴 Spanish · Colombia
1036
+17
🇺🇸 Ethiopians · United States
1061
-17
WardedWorm3
7:22 Loom
9:52 Feudal Age
10:18 Double-Bit Axe
10:44 Horse Collar
14:26 Fletching
17:22 Wheelbarrow
22:43 Castle Age
21:20 Gold Mining
21:43 Scale Barding Armor
23:49 Bloodlines
28:56 Padded Archer Armor
34:12 Bodkin Arrow
36:52 Imperial Age
36:50 Elite Skirmisher
37:55 Conscription
38:33 Leather Archer Armor
38:19 Bracer
39:52 Bow Saw
42:24 Chemistry
42:11 Ballistics
42:16 Stone Mining
43:53 Ring Archer Armor
48:03 Husbandry
47:24 Cavalier
50:34 Chain Barding Armor
50:26 Forging
flajj
6:43 Loom
7:45 Loom
10:19 Feudal Age
11:03 Double-Bit Axe
14:59 Fletching
19:12 Scale Barding Armor
19:37 Padded Archer Armor
24:24 Castle Age
24:27 Crossbowman
25:14 Bodkin Arrow
25:35 Leather Archer Armor
26:25 Bow Saw
28:10 Ballistics
28:31 Elite Skirmisher
34:18 Wheelbarrow
35:22 Town Watch
37:09 Gold Mining
42:45 Imperial Age
40:20 Horse Collar
42:12 Chain Barding Armor
41:52 Light Cavalry
43:02 Forging
43:50 Husbandry
Connection lost

Rejoining the realm…

Still unreachable

The connection could not be restored.

Session expired

The server has moved on; the page needs a fresh start.